 Dungeon Crawl Stone Soup version 0.31-a0-365-gcf821cafb2 (webtiles) character file.

Game seed: 6808560029942550460

4 Fodor the Covered (level 1, 0/20 HPs)
             Began as a Minotaur Fighter on July 27, 2023.
             Succumbed to a kobold's poison
             ... on level 1 of the Dungeon.
             The game lasted 00:02:02 (248 turns).

Fodor the Covered (Minotaur Fighter)                 Turns: 248, Time: 00:02:06

Health: 0/20       AC:  9    Str: 20    XL:     1   Next: 58%
Magic:  0/0        EV:  7    Int:  5    God:
Gold:   11         SH:  4    Dex:  9    Spells: 0/0 levels left

rFire   . . .        a - +0 long sword
rCold   . . .        c - +0 buckler
rNeg    . . .        e - +0 chain mail
rPois   .            (helmet restricted)
rElec   .            (no cloak)
rCorr   .            (no gloves)
SInv    .            (no boots)
Will    .....        (no amulet) Stlth
                     (no ring)
HPRegen 0.23/turn    (no ring)
MPRegen 0.07/turn

%: no passive effects
@: lethally poisoned (0 -> -5)
A: horns 2, retaliatory headbutt
a: no special abilities


You were on level 1 of the Dungeon.
You visited 1 branch of the dungeon, and saw 1 of its levels.

You collected 11 gold pieces.

Inventory:

Hand Weapons
 a - a +0 long sword (weapon)
Missiles
 f - 6 poisoned darts (quivered)
Armour
 c - a +0 buckler (worn)
 e - a +0 chain mail (worn)
Jewellery
 b - a +6 ring of intelligence
Potions
 d - a potion of might
 g - a potion of magic {unknown}


   Skills:
 + Level 3.7 Fighting
 + Level 2.4 Long Blades
 + Level 3.8 Armour
 + Level 3.7 Shields


You couldn't memorise any spells.
You didn't know any spells.
Your spell library was empty.

Dungeon Overview and Level Annotations

Branches:
Dungeon (1/15)

Altars:


Innate Abilities, Weirdness & Mutations

You have a pair of horns on your head.
You reflexively headbutt those who attack you in melee.


Message History

There is an open door here.
A bat comes into view.
You block the bat's attack.
You slash the bat!
You kill the bat!
You see here a bat corpse.
You see here a bat corpse.
Found a mace.
A ball python comes into view.
Found a sedimented coppery potion.
The ball python hisses angrily.
You slash the ball python!
You kill the ball python!
Found 2 poisoned darts.
Found a sling.
f - 6 poisoned darts (gained 2)
You see here a +0 sling.
You see here a +0 sling.
g - a sedimented coppery potion You see here a +0 sling. 2 kobolds come into view.
A kobold is wielding a +4 dagger of venom.
The kobold shouts! x2; You hear an angry hiss.
A goblin comes into view.
It is wielding a +1 dagger of electrocution.
The goblin shouts!
You hear an angry hiss.
A frilled lizard comes into view.
Found a runed ring mail.
The frilled lizard bites you but does no damage.
The kobold hits you but does no damage.
You hit the kobold.
You kill the kobold!
You block the frilled lizard's attack. The kobold attacks as you move away!
The kobold hits you with a +4 dagger of venom.
You are poisoned.
The goblin attacks as you move away! The goblin hits you but does no damage.
You are electrocuted!
Ouch! That really hurt!
* * * LOW HITPOINT WARNING * * *
You die...

#[ ##.# #...
##...## ##
#.....#..#
#.#.....#..#...
#.....Kgl....# #.#
#.# #@# ... #.#
#.# #.# #.# #.#
######.# #.# #.#
....##.# #.# #.#
###.##.# #.# #.#
.......####.# #.#
.##.........####.#
..........)......#


You could see a goblin, a kobold and a frilled lizard.

Vanquished Creatures
  A hobgoblin (D:1)
  2 ball pythons (D:1)
  A bat (D:1)
  2 kobolds (D:1)
6 creatures vanquished.

Notes
Turn   | Place    | Note
-------+----------+-------------------------------------------
     0 | D:1      | Fodor the Minotaur Fighter began the quest for the Orb.
     0 | D:1      | Reached XP level 1. HP: 19/19 MP: 0/0
   248 | D:1      | Succumbed to a kobold's poison

Illustrated notes

Levels and vault maps discovered:
D:1:      elethiomel_arrival_shortcut, layout_loops_ring,
          shapermc_ecumenical_altar_mp_urbaneastern, st_stairs_4, minmay_unequal

Action                     || total
---------------------------++-------
  Melee: Long sword        ||     6
         Headbutt          ||     1
 Armour: Chain mail        ||     4
  Dodge: Dodged            ||     1
  Block: Buckler           ||     2

Table legend: (Time is in decaauts)
 A = Elapsed time spent in this place.
 B = Non-inter-level travel time spent in this place.
 C = Inter-level travel time spent in this place.
 D = Time resting spent in this place.
 E = Time spent auto-exploring this place.
 F = Levels seen in this place.
 G = Mean time per level.
                   A        B        C        D        E       F      G
               +--------+--------+--------+--------+--------+-----+--------+
         Total |    249 |    249 |      0 |      0 |     17 |   1 |  249.0 |
       Dungeon |    249 |    249 |      0 |      0 |     17 |   1 |  249.0 |
               +--------+--------+--------+--------+--------+-----+--------+

Top non-repeatable levels by time:
     D:1: 249 daAuts
